 Dungeon Crawl Stone Soup version 0.19.4-8-ga85b6b9 (webtiles) character file.

90 pps the Shield-Bearer (level 4, -2/35 HPs)
             Began as a Human Fighter on Feb 14, 2017.
             Slain by an orc
             ... wielding a +0 falchion
              (5 damage)
             ... on level 3 of the Dungeon.
             The game lasted 00:26:19 (2208 turns).

pps the Shield-Bearer (Human Fighter)               Turns: 2208, Time: 00:26:20

Health: -2/35      AC:  6    Str: 16    XL:     4   Next: 85%
Magic:  4/4        EV:  9    Int:  9    God:
Gold:   107        SH:  0    Dex: 18    Spells: 0 memorised, 3 levels left

rFire  . . .     SeeInvis .     a - +0 long sword
rCold  . . .     Gourm    .     b - +0 scale mail
rNeg   . . .     Faith    .     c - +0 shield
rPois  .         Spirit   .     (no helmet)
rElec  .         Reflect  .     (no cloak)
rCorr  .         Harm     .     (no gloves)
MR     .....                    (no boots)
Stlth  +.........               (no amulet)
                                (no ring)
                                (no ring)

@: confused, agile, glowing, constricted
A: no striking features
a: no special abilities


You were on level 3 of the Dungeon.
You were not hungry.

You visited 1 branch of the dungeon, and saw 4 of its levels.

You collected 107 gold pieces.

Inventory:

Hand Weapons
 a - a +0 long sword (weapon)
 h - a +0 short sword
 k - a +0 short sword
 m - a +0 dagger
 n - a +0 whip
 p - a +0 whip
 w - a +0 falchion
Missiles
 o - 18 poisoned needles
 r - 13 bolts
 t - 21 arrows
 u - 4 tomahawks (quivered)
Armour
 b - a +0 scale mail (worn)
 c - a +0 shield (worn)
 v - a +0 naga barding
Scrolls
 e - 2 scrolls of enchant weapon {unknown}
 i - 2 scrolls of fear {unknown}
 l - 4 scrolls of remove curse {unknown}
 q - a scroll of identify {unknown}
 y - a scroll of immolation {unknown}
Potions
 d - 2 potions of might
 z - a potion of resistance {unknown}
Comestibles
 f - 2 bread rations
 g - 2 meat rations


   Skills:
 + Level 3.5 Fighting
 + Level 2.8 Long Blades
 + Level 3.4 Armour
 + Level 1.0 Dodging
 + Level 0.4 Stealth
 + Level 3.6 Shields


You had 3 spell levels left.
You didn't know any spells.

Dungeon Overview and Level Annotations

Branches:
Dungeon (4/15)
 Temple: D:4-7

Altars:
Ashenzari

Annotations:
D:3 Clownie's ghost, amateur FoEn


Message History

* * * LOW HITPOINT WARNING * * *
The ball python bites you but does no damage.
The ball python constricts you. The gnoll hits you but does no damage.
The orc hits you but does no damage.
Clownie's ghost gestures at you while chanting.
You are more confused.
The jackal bites you but does no damage. x3
Unknown command.
You're too confused!
Are you sure you want to abandon this character and quit the game? (Confirm with "yes".)
Okay, then.
It was a potion of agility.
You feel agile all of a sudden.
The ball python bites you but does no damage.
The ball python constricts you. The jackal barely misses you.
The gnoll hits you.
* * * LOW HITPOINT WARNING * * *
The jackal bites you but does no damage.
The orc hits you with a falchion.
You die...

######.............?...........##
.....##................##.#
...##.?#..............#....# .?..
...........$....####..# #....
......................# #....
.....................)..
..................... ..
.......gh............
.....W.@Sb........)..
.>....ohh............
#...................
#..................
..................
...%....(.....#.. ...........####
?.........##


You could see Clownie's ghost, a gnoll, an orc, 3 jackals, a bat and a ball
python.

Vanquished Creatures
  2 adders
  2 worms
  3 dart slugs
  3 leopard geckos
  An orc (D:2)
  11 bats
  A giant cockroach (D:2)
  3 goblins
  5 hobgoblins
  4 jackals (D:2)
  11 kobolds
  2 frilled lizards
  8 rats
56 creatures vanquished.

Notes
Turn   | Place    | Note
-------+----------+-------------------------------------------
     0 | D:1      | pps the Human Fighter began the quest for the Orb.
     0 | D:1      | Reached XP level 1. HP: 18/18 MP: 1/1
   143 | D:1      | Reached XP level 2. HP: 24/24 MP: 2/2
   437 | D:1      | Reached XP level 3. HP: 26/29 MP: 3/3
  1338 | D:2      | Reached XP level 4. HP: 31/35 MP: 4/4
  2103 | D:3      | Found a shattered altar of Ashenzari.
  2120 | D:3      | Reached skill level 1 in Dodging
  2202 | D:3      | Noticed Clownie's ghost (amateur FoEn)
  2206 | D:3      | HP: 1/35 [jackal (2)]
  2208 | D:3      | Slain by an orc

Skill      XL: |  1  2  3  4 |
---------------+-------------+-----
Dodging        | 1 |  1.0
Fighting       | |  3.5
Long Blades    | |  2.8
Armour         | |  3.4
Stealth        | |  0.4
Shields        | |  3.6

Action                   |  1- 3 |  4- 6 || total
-------------------------+-------+-------++-------
Melee: Long sword        |   126 |    69 ||   195
  Use: Potion            |       |     3 ||     3
  Eat: Meat ration       |     1 |       ||     1
Armor: Scale mail        |    66 |    52 ||   118
Dodge: Dodged            |    48 |    34 ||    82
Block: Shield            |    67 |    50 ||   117
       Rpst.: Long sword |    12 |     7 ||    19
